cohdb
Replays
Latest Replays
All Replays
Popular Replays
Top Player Replays
Match Explorer
How It Works
Community
CoH3 Stats
Reddit
Sign in to upload your games and track your stats! →
Sign in with Steam
Match 39967593
Unlisted
Match 39967593
Overview
Messages
Build Orders
End
Panzergrenadier Squad
Panzergrenadier Squad
Panzergrenadier Squad
Construct Light Support Kompanie
MG34 Team
Fire Support Elements
Pak 38 Anti-tank Gun Team
Flakvierling Half-track
Assault Mechanized Group
MG34 Team
Construct Panzerarmee Kommand
le.IG 18 Support Gun Team
Panzer III L Medium Tank
2.5-tonne Medical Truck
Selects Panzerjäger Kommand Battlegroup
Selects Mine Fields
Selects Defensive Positions
Selects Butterfly Bomb Drop
Butterfly Bomb Drop
Armored Reserves
Pak 38 Anti-tank Gun Team
Selects Tank Busters
Selects Crew Shock Tactics
Butterfly Bomb Drop
Tiger Heavy Tank
Butterfly Bomb Drop
Crew Shock Tactics
Butterfly Bomb Drop
Panzerpioneer Squad
Panzer III L Medium Tank
Butterfly Bomb Drop
Selects Elefant Tank Destroyer
Saueee
SM
Kampfstärke
TURTLE LEONID
0
0
Comments
sign in to comment!
No comments posted yet!